 Dungeon Crawl Stone Soup version 0.18.1-50-g88ac8fd (webtiles) character file.

1229 mmcf the Covert (level 8, 0/76 HPs)
             Began as a Kobold Assassin on Sept 16, 2016.
             Was a Follower of Pakellas.
             Slain by a jackal (2 damage)
             ... on level 6 of the Dungeon.
             The game lasted 00:26:30 (9518 turns).

mmcf the Covert (Kobold Assassin)                   Turns: 9518, Time: 00:26:30

Health: 0/76       AC: 24    Str:  9    XL:     8   Next: 77%
Magic:  11/11      EV:  3    Int:  9    God:    Pakellas [*.....]
Gold:   313        SH:  0    Dex: 20    Spells: 0 memorised, 7 levels left

rFire  . . .     SeeInvis .     a - +2 dagger
rCold  . . .     Gourm    .     (armour currently unavailable)
rNeg   + + +     Faith    .     (shield restricted)
rPois  +         Spirit   .     (helmet currently unavailable)
rElec  .         Dismiss  .     (cloak currently unavailable)
rCorr  .         Reflect  .     (gloves currently unavailable)
SustAt .         Harm     .     (boots currently unavailable)
MR     .....     NoTele   +     (no amulet)
Stlth  ++++++....               (no ring)
                                (no ring)

@: tree-form (expiring), not resistant to hostile enchantments, very stealthy
A: carnivore 3
a: Quick Charge, Renounce Religion


You were on level 6 of the Dungeon.
You worshipped Pakellas.
Pakellas was aware of your devotion.
You were very full.
You were a tree.
You visited 1 branch of the dungeon, and saw 6 of its levels.

You collected 313 gold pieces.

Inventory:

Hand Weapons
 a - a +2 dagger (weapon)
 b - a +0 blowgun
Missiles
 e - 7 poisoned needles
 f - 8 curare-tipped needles
 s - 8 needles of sleeping
 y - 4 tomahawks (quivered)
Armour
 c - a +0 robe
 d - a +1 cloak (melded)
 p - a +0 leather armour (melded)
 q - a +0 scale mail
Wands
 z - a wand of flame (34/48)
Scrolls
 i - 2 scrolls of recharging
 j - 3 scrolls of identify
 l - 3 scrolls of teleportation
 o - 3 scrolls of amnesia
 r - 2 scrolls of enchant armour
 v - a scroll of fog
Potions
 n - 4 potions of brilliance
 w - a potion of might
 x - a potion of cancellation {unknown}
Comestibles
 g - 4 meat rations
 k - a royal jelly
 u - 3 beef jerkies


   Skills:
 + Level 5.7 Fighting
 - Level 5.8 Short Blades
 - Level 2.1 Throwing
 - Level 5.0 Dodging
 + Level 8.6 Stealth
 + Level 4.9 Evocations


You had 7 spell levels left.
You didn't know any spells.

Dungeon Overview and Level Annotations

Branches:
Dungeon (6/15)             Temple (0/1) D:4

Altars:
Gozag
Nemelex Xobeh
Pakellas
Trog
Vehumet
Zin

Annotations:
D:5 appiemonkey's ghost, novice MiFi


Innate Abilities, Weirdness & Mutations

You are small and have problems with some larger weapons.
You are carnivorous and can eat meat at any time.


Message History

Pakellas accepts your kill.
* * * LOW HITPOINT WARNING * * *
You feel sick.
You are no longer poisoned.
You hit the sky beast.
The sky beast is lightly wounded.
You hit the sky beast.
The sky beast is moderately wounded.
Your transformation is almost over.
The sky beast hits you but does no damage.
The jackal barely misses you.
You hit the sky beast.
The sky beast is heavily wounded.
The jackal bites you but does no damage.
The sky beast hits you but does no damage.
You hit the sky beast.
The sky beast is heavily wounded.
The crimson imp blinks!
The jackal bites you.
You die...
Pakellas says: Good help is so hard to find these days!

.......#..#...#...
.....5...........
...........$...[. .
..h...........$$. ..
5....S..........#### ...
..§h.........§.....#....
........................ #. ....
.......##......hY.......##.##....
.......##.......♣................
###..............#........$......
.........).....# ..............
................. ........#.....
................###...........##
###.......+###.... .............#
.. #....###...........#
.............)##...#
................#


You could see a sky beast and a jackal.

Vanquished Creatures
  A troll (D:6)
  The ghost of Turgon the Shooter, an amateur HEHu (D:4)
  An ice beast (D:4)
  3 ogres
  A scorpion (D:4)
  A howler monkey (D:4)
  A crimson imp (D:4)
  A centaur zombie (D:5)
  3 hounds
  2 orc wizards
  3 worker ants
  A howler monkey skeleton (D:4)
  5 adders
  An adder skeleton (D:4)
  3 worms
  4 giant geckos
  18 orcs
  4 ball pythons
  10 giant cockroaches
  7 goblins
  6 hobgoblins
  17 jackals
  7 kobolds
  A quokka (D:5)
  6 bats
  7 giant newts
  5 rats
120 creatures vanquished.

Notes
Turn   | Place    | Note
--------------------------------------------------------------
     0 | D:1      | mmcf the Kobold Assassin began the quest for the Orb.
     0 | D:1      | Reached XP level 1. HP: 12/12 MP: 1/1
   594 | D:1      | Reached XP level 2. HP: 17/17 MP: 2/2
   655 | D:1      | Reached skill level 6 in Stealth
  1186 | D:3      | Reached XP level 3. HP: 21/21 MP: 3/3
  1613 | D:2      | Reached XP level 4. HP: 26/26 MP: 4/4
  2564 | D:2      | Reached skill level 7 in Stealth
  2696 | D:3      | Noticed an ogre
  2761 | D:3      | Killed an ogre
  2761 | D:3      | Reached skill level 8 in Stealth
  2761 | D:3      | Reached XP level 5. HP: 30/30 MP: 5/5
  3011 | D:3      | Noticed an ogre
  3032 | D:3      | Killed an ogre
  3032 | D:3      | Reached skill level 5 in Short Blades
  3032 | D:3      | Reached XP level 6. HP: 28/36 MP: 6/6
  3111 | D:3      | You fall through a shaft!
  3121 | D:4      | Found a sparkling altar of Nemelex Xobeh.
  3143 | D:4      | Found a glowing silver altar of Zin.
  3180 | D:4      | Found an oddly glowing altar of Pakellas.
  3180 | D:4      | Found an opulent altar of Gozag.
  3180 | D:4      | Found a bloodstained altar of Trog.
  3190 | D:4      | Became a worshipper of Pakellas the Inventive
  3232 | D:4      | Noticed Turgon's ghost (amateur HEHu)
  3263 | D:4      | Noticed an ice beast
  3280 | D:4      | Reached skill level 1 in Evocations
  3290 | D:4      | Found a staircase to the Ecumenical Temple.
  3948 | D:4      | Reached XP level 7. HP: 41/41 MP: 8/8
  4258 | D:3      | Found a radiant altar of Vehumet.
  5472 | D:5      | Entered Level 5 of the Dungeon
  6036 | D:4      | Killed Turgon's ghost
  6036 | D:4      | Reached XP level 8. HP: 9/48 MP: 9/11
  6891 | D:5      | Noticed appiemonkey's ghost (novice MiFi)
  8127 | D:4      | Reached * piety under Pakellas
  8127 | D:4      | Received a gift from Pakellas
  8397 | D:4      | Reached skill level 5 in Fighting
  9210 | D:5      | Reached skill level 5 in Dodging
  9404 | D:6      | Noticed a troll
  9411 | D:6      | Killed a troll
  9498 | D:6      | HP: 2/51 [poisoned by an adder]
  9505 | D:6      | HP: 1/51 [poisoned by an adder]
  9514 | D:6      | HP: 1/76 [poisoned by an adder]
  9518 | D:6      | Slain by a jackal

Skill      XL: |  1  2  3  4  5  6  7  8 |
---------------+-------------------------+-----
Stealth        | 6 8 |  8.6
Short Blades   | 3 4 5 |  5.8
Dodging        | 2 3 5 |  5.0
Evocations     | 1 4 |  4.9
Fighting       | 3 4 5 |  5.7
Throwing       | |  2.1

Action                   |  1- 3 |  4- 6 |  7- 9 || total
-------------------------+-------+-------+-------++-------
Melee: Dagger            |    85 |   120 |   662 ||   867
 Fire: Blowgun           |     3 |    13 |    15 ||    31
Throw: Tomahawk          |       |       |    23 ||    23
Evoke: Wand              |       |       |     2 ||     2
  Use: Scroll            |       |     3 |    12 ||    15
       Potion            |       |       |     3 ||     3
 Stab: Sleeping          |     9 |     9 |    11 ||    29
       Distracted        |     1 |     2 |     4 ||     7
  Eat: Chunk             |    11 |     7 |    17 ||    35
Armor: Robe              |     9 |    15 |    14 ||    38
       Leather armour    |       |       |    91 ||    91
       Skin              |       |       |     5 ||     5
Dodge: Dodged            |    47 |    84 |   492 ||   623
